 Dungeon Sprint DCSS version 0.28.0-53-g5a82cb258f (webtiles) character file.

Game seed: 15304747326651250190

263 Zeld the Thaumaturge (level 5, -1/28 HPs)
             Began as a Deep Elf Conjurer on May 28, 2022.
             Was an Elder of Sif Muna.
             Slain by a swamp drake (12 damage)
             ... in the Dungeon (Sprint VII: "The Pits").
             The game lasted 00:02:00 (1378 turns).

Zeld the Thaumaturge (Deep Elf Conjurer)            Turns: 1378, Time: 00:02:00

Health: -1/28      AC:  2    Str:  4    XL:     5   Next: 97%
Magic:  18/19      EV: 14    Int: 25    God:    Sif Muna [****..]
Gold:   0          SH:  0    Dex: 13    Spells: 13/24 levels left

rFire   . . .      SeeInvis .   (no weapon)
rCold   . . .      Faith    .   (no shield)
rNeg    . . .      Spirit   .   a - +0 robe
rPois   .          Reflect  .   (no helmet)
rElec   .          Harm     .   (no cloak)
rCorr   .          Rampage  .   (no gloves)
Will    .....      NoTele   +   (no boots)
Stlth   +.........              (no amulet)
HPRegen 0.09/turn               (no ring)
MPRegen 0.16/turn               (no ring)

@: confused
A: no striking features
a: Renounce Religion, Channel Magic, Forget Spell, Divine Exegesis


You were in the Dungeon.
You worshipped Sif Muna.
Sif Muna was greatly pleased with you.
You visited 1 branch

Inventory:

Armour
 a - a +0 robe (worn)
Scrolls
 g - a scroll of blinking
 i - 5 scrolls of amnesia
 j - a scroll of summoning
Potions
 b - 6 potions of curing
 c - 6 potions of heal wounds
 d - a potion of haste
 e - 4 potions of magic
 f - 3 potions of berserk rage
 h - 2 potions of invisibility


   Skills:
 + Level 6.8 Dodging
 - Level 2.4 Stealth
 * Level 10.4 Spellcasting
 * Level 9.4 Conjurations
 - Level 2.0 Hexes
 - Level 2.0 Translocations
 + Level 1.0 Invocations


You had 13 spell levels left.
You knew the following spells:

 Your Spells              Type           Power      Damage    Failure   Level
a - Magic Dart            Conj           100%       1d8       1%          1
b - Searing Ray           Conj           100%       2d8       1%          2
c - Fulminant Prism       Conj/Hex       20%        3d13      4%          4
d - Iskenderun's Mystic   Conj/Tloc      41%        2d9       4%          4

Your spell library contained the following spells:

 Spells                   Type           Power      Damage    Failure   Level
 Dazzling Flash           Conj/Hex       82%        N/A       1%          3


Dungeon Overview and Level Annotations

Branches:
Dungeon (1/1)

Altars:
Ashenzari
Cheibriados
Dithmenos
Elyvilon
Fedhas
Gozag
Hepliaklqana
Kikubaaqudgha
Makhleb
Nemelex Xobeh
Okawaru
Qazlal
Ru
Sif Muna
Trog
Uskayaw
Vehumet
Wu Jian
Xom
Yredelemnul
Zin
The Shining One
Beogh
Jiyva
Lugonu


Message History

You are confused.
You feel sick.
You are engulfed in noxious fumes.
You choke on the stench!
You are more confused.
You feel sick.
You feel sick.
You are no longer poisoned.
The swamp drake breathes poison at you.
The noxious blast engulfs you but does no damage.
You are poisoned.
You bump into the metal wall.
You are engulfed in noxious fumes.
You choke on the stench!
You are more confused.
You feel sick.
You're too confused to cast spells.
You bump into the metal wall.
You are engulfed in noxious fumes.
You choke on the stench!
You are more confused.
You feel sick. The swamp drake bites you!
You feel sick.
You are no longer poisoned.
You bump into the metal wall.
You're too confused to move!
The swamp drake breathes poison at you.
The noxious blast engulfs you but does no damage.
You are poisoned.
You bump into the metal wall.
You are engulfed in noxious fumes.
You choke on the stench!
You are more confused.
You feel sick. The swamp drake bites you.
You bump into the metal wall.
You are engulfed in noxious fumes.
You choke on the stench!
You are more confused.
You feel sick. The swamp drake closely misses you.
You barely miss the swamp drake.
The swamp drake is severely wounded.
You feel sick.
You are no longer poisoned.
The swamp drake bites you!
You die...

#.#..#.)))[##.......#
#'###########.......#
#)......# #########
#..###..# #.......#
##.###.##+#
#.......#.+
#..###..#'#
#...@k..).#
###########


You could see a swamp drake (catching breath).

Vanquished Creatures
  A sky beast (D)
  A kobold brigand (D)
  An iguana (D)
  An orc wizard (D)
  A mummy (D)
  A gnoll (D)
  An adder (D)
  An ufetubus (D)
  2 orcs (D)
  2 ball pythons (D)
  A goblin (D)
  3 jackals (D)
  A bat (D)
  A rat (D)
18 creatures vanquished.

Notes
Turn   | Place    | Note
-------+----------+-------------------------------------------
     0 | D        | Zeld the Deep Elf Conjurer began the quest for the Orb.
     0 | D        | Reached XP level 1. HP: 10/10 MP: 6/6
    32 | D        | Found a bloodstained altar of Trog.
    32 | D        | Found a shimmering blue altar of Sif Muna.
    32 | D        | Found a viscous altar of Jiyva.
    32 | D        | Found a hazy altar of Hepliaklqana.
    32 | D        | Found an opulent altar of Gozag.
    33 | D        | Found a glowing golden altar of the Shining One.
    33 | D        | Found a glowing silver altar of Zin.
    33 | D        | Found a basalt altar of Yredelemnul.
    33 | D        | Found a shimmering altar of Xom.
    33 | D        | Found an ornate altar of the Wu Jian Council.
    33 | D        | Found a sacrificial altar of Ru.
    33 | D        | Found a stormy altar of Qazlal.
    33 | D        | Found an iron altar of Okawaru.
    33 | D        | Found a sparkling altar of Nemelex Xobeh.
    33 | D        | Found a burning altar of Makhleb.
    33 | D        | Found a blossoming altar of Fedhas.
    33 | D        | Found a white marble altar of Elyvilon.
    33 | D        | Found a shadowy altar of Dithmenos.
    33 | D        | Found a snail-covered altar of Cheibriados.
    35 | D        | Found a corrupted altar of Lugonu.
    35 | D        | Found a radiant altar of Vehumet.
    36 | D        | Found an ancient bone altar of Kikubaaqudgha.
    36 | D        | Found a hide-covered altar of Uskayaw.
    36 | D        | Found a broken altar of Ashenzari.
    42 | D        | Became a worshipper of Sif Muna the Loreminder
    75 | D        | Reached skill level 4 in Spellcasting
   237 | D        | Reached * piety under Sif Muna
   238 | D        | Reached skill level 5 in Conjurations
   242 | D        | Reached XP level 2. HP: 7/15 MP: 1/9
   245 | D        | Learned a level 2 spell: Searing Ray
   388 | D        | Noticed a sky beast
   395 | D        | Reached skill level 5 in Spellcasting
   395 | D        | Reached ** piety under Sif Muna
   691 | D        | Killed a sky beast
   692 | D        | Reached skill level 5 in Dodging
   692 | D        | Reached skill level 8 in Spellcasting
   692 | D        | Reached XP level 3. HP: 19/19 MP: 2/14
   692 | D        | Reached XP level 4. HP: 24/24 MP: 2/16
   833 | D        | Learned a level 4 spell: Fulminant Prism
   838 | D        | Learned a level 4 spell: Iskenderun's Mystic Blast
   855 | D        | Reached *** piety under Sif Muna
   856 | D        | Noticed a kobold brigand
   860 | D        | Reached skill level 1 in Hexes
   860 | D        | Reached skill level 1 in Translocations
   860 | D        | Reached XP level 5. HP: 22/28 MP: 10/18
   865 | D        | Reached skill level 9 in Spellcasting
   874 | D        | Reached **** piety under Sif Muna
   889 | D        | Reached skill level 10 in Spellcasting
  1288 | D        | Reached skill level 1 in Invocations
  1365 | D        | Noticed a swamp drake
  1378 | D        | Slain by a swamp drake

Illustrated notes

Levels and vault maps discovered:
D:        pitsprint [storerooms_1, entrance_room_1, metal_vault_6, armoury_2,
          mini_pit_1, grid_room_1, main_hall_1, silver_pit, the_coven_1,
          the_vestibule_1, steel_vault_5, golden_pit, hallway_of_sentries,
          crystal_vault_2, iron_vault_1, final_vault]

Skill      XL: |  1  2  3  4  5 |
---------------+----------------+-----
Dodging        | 3 5 6 |  6.8
Spellcasting   | 4 8 10 | 10.4
Conjurations   | 5 7 8 9 |  9.4
Hexes          | 1 2 |  2.0
Translocations | 1 2 |  2.0
Invocations    | 1 |  1.0
Stealth        | |  2.4

Action                   |  1- 3 |  4- 6 || total
-------------------------+-------+-------++-------
Melee: Unarmed           |       |     7 ||     7
 Cast: Magic Dart        |    22 |     5 ||    27
       Searing Ray       |     2 |     7 ||     9
Armor: Robe              |     3 |       ||     3
Dodge: Dodged            |    11 |    12 ||    23
